 Dungeon Crawl Stone Soup version 0.18-a0-1160-geb89fc2 (webtiles) character file.

312 poirepourri the Magician (level 6, 0/32 HPs)
             Began as a Deep Elf Fire Elementalist on Jan 24, 2016.
             Succumbed to Uberwunderbarhen's ghost's poison
             ... on level 4 of the Dungeon.
             The game lasted 00:07:43 (4976 turns).

poirepourri the Magician (DEFE)                     Turns: 4976, Time: 00:07:43

Health: 0/32       AC:  4    Str:  5    XL:     6   Next: 18%
Magic:  15/15      EV: 13    Int: 27    God:
Gold:   66         SH:  0    Dex: 15    Spells: 4 memorised, 6 levels left

rFire  + . .     SeeInvis .     m - +0 short sword
rCold  x . .     Gourm    .     a - +1 robe
rNeg   . . .     Faith    .     (no shield)
rPois  .         Spirit   .     (no helmet)
rElec  .         Dismiss  .     (no cloak)
rCorr  .         Reflect  .     (no gloves)
SustAt .         Harm     .     q - +0 pair of boots
MR     .....                    c - amulet of magic regeneration
Stlth  ++........               k - ring of wizardry
                                g - ring of fire

@: brilliant, lethally poisoned (0 -> -4), very slightly contaminated,
invisible, not resistant to hostile enchantments, unstealthy
A: no striking features
a: no special abilities


You were on level 4 of the Dungeon.
You were not hungry.

You visited 1 branch of the dungeon, and saw 4 of its levels.

You collected 66 gold pieces.

Inventory:

Hand Weapons
 m - a +0 short sword (weapon)
Armour
 a - a +1 robe (worn)
 q - a +0 pair of boots (worn)
Jewellery
 c - an amulet of magic regeneration (around neck)
 g - a ring of fire (left hand)
 k - a ring of wizardry (right hand)
Potions
 d - a potion of lignification
 e - a potion of brilliance
 f - a potion of invisibility
Books
 b - a book of Flames

   Spells                             Type                      Level
   a - Flame Tongue                   Conjuration/Fire             1
   b - Throw Flame                    Conjuration/Fire             2
   c - Conjure Flame                  Conjuration/Fire             3
   d - Inner Flame                    Hexes/Fire                   3
   e - Sticky Flame                   Conjuration/Fire             4
   f - Fireball                       Conjuration/Fire             5
Comestibles
 h - a meat ration
 i - a slice of pizza
 p - 2 bread rations


   Skills:
 - Level 0.1 Fighting
 + Level 3.5 Dodging
 + Level 3.4 Stealth
 + Level 5.1 Spellcasting
 + Level 2.9 Conjurations
 * Level 5.1 Fire Magic


You had 6 spell levels left.
You knew the following spells:

 Your Spells              Type           Power        Failure   Level  Hunger
a - Flame Tongue          Conj/Fire      #####        1%          1    None
b - Throw Flame           Conj/Fire      ######       1%          2    None
c - Conjure Flame         Conj/Fire      ######..     1%          3    #......
d - Inner Flame           Hex/Fire       ######..     1%          3    #......


Dungeon Overview and Level Annotations

Branches:
Dungeon (4/15)
 Temple: D:4-7

Altars:
Pakellas

Annotations:
D:4 Uberwunderbarhen's ghost, amateur DsCK


Message History

Uberwunderbarhen's ghost barely misses you.
You are very lightly contaminated with residual magic.
* * * LOW HITPOINT WARNING * * *
You feel sick.
* * * LOW HITPOINT WARNING * * *
You feel sick.
Uberwunderbarhen's ghost hits you but does no damage.
* * * LOW HITPOINT WARNING * * *
You feel sick.
* * * LOW HITPOINT WARNING * * *
You feel sick. Uberwunderbarhen's ghost misses you.
* * * LOW HITPOINT WARNING * * *
You feel sick.
* * * LOW HITPOINT WARNING * * *
You feel sick.
* * * LOW HITPOINT WARNING * * *
You feel sick.
* * * LOW HITPOINT WARNING * * *
You feel sick.
You die...

#..........#
#..####....# #..#
##†#.# #..#
#.#.########
#..#####...........
#####..#.........######
#.....W#.###.###.###
#.####.#.# #.# #...#
#.# #@#.# #.###.#.#
#.####<..# ##....#.#
#....###.# ####.#.#
####.# #.# #.#.# #.#
#.#######...# #.#
#.........### #.#
####..##### #.# #..#
#.######..#


You could see Uberwunderbarhen's ghost.

Vanquished Creatures
  4 hounds (D:4)
  An iguana (D:4)
  A worker ant (D:3)
  5 adders
  An adder skeleton (D:4)
  2 worms (D:3)
  3 giant geckos
  4 orcs (D:3)
  A ball python (D:4)
  4 giant cockroaches
  7 goblins
  15 hobgoblins
  4 quokkas
  10 bats
  4 giant newts
  10 kobolds
  9 rats
85 creatures vanquished.

Notes
Turn   | Place    | Note
--------------------------------------------------------------
     0 | D:1      | poirepourri the Deep Elf Fire Elementalist began the quest for the Orb.
     0 | D:1      | Reached XP level 1. HP: 10/10 MP: 6/6
   311 | D:1      | Reached XP level 2. HP: 15/15 MP: 5/8
   520 | D:1      | Learned a level 2 spell: Throw Flame
  1146 | D:2      | Reached XP level 3. HP: 19/19 MP: 0/10
  1322 | D:2      | Reached skill level 4 in Fire Magic
  1888 | D:2      | Learned a level 3 spell: Conjure Flame
  1892 | D:2      | Learned a level 3 spell: Inner Flame
  2727 | D:3      | Reached XP level 4. HP: 24/24 MP: 4/11
  4054 | D:3      | Found an oddly glowing altar of Pakellas.
  4231 | D:4      | Reached XP level 5. HP: 28/28 MP: 10/13
  4369 | D:4      | Reached skill level 5 in Spellcasting
  4737 | D:4      | Reached skill level 5 in Fire Magic
  4737 | D:4      | Reached XP level 6. HP: 21/32 MP: 10/15
  4835 | D:4      | Noticed Uberwunderbarhen's ghost (amateur DsCK)
  4973 | D:4      | HP: 1/32 [poisoned by Uberwunderbarhen's ghost]
  4976 | D:4      | Succumbed to Uberwunderbarhen's ghost's poison

Vault maps used:
D:1:      evilmike_arrival_rings
D:2:      minmay_misc_feat_encased
D:3:      serial_glass, glass_columns_a, glass_columns_c, grunt_pakellas_basics
D:4:      minitemple, minivault_26

Action                   |  1- 3 |  4- 6 || total
-------------------------+-------+-------++-------
Melee: Unarmed           |     2 |       ||     2
       Short sword       |     1 |     1 ||     2
 Cast: Flame Tongue      |    61 |    64 ||   125
       Throw Flame       |    19 |    19 ||    38
       Inner Flame       |     1 |       ||     1
  Use: Scroll            |     5 |     5 ||    10
       Potion            |       |     3 ||     3
  Eat: Bread ration      |     2 |     1 ||     3
